[Event "Titled Tuesday Blitz July 13 2021"]
[White "Maksimovic, Bojan"]
[Black "Reprintsev, Alexander"]
[WhiteFideId "14408120"]
[BlackFideId "14100541"]
[WhiteElo "2439"]
[BlackElo "2126"]
[Result "1-0"]
[Round "07"]
[TimeControl "180+1"]
[Date "2021.07.13"]
[WhiteClock "0:00:12"]
[BlackClock "0:00:11"]

1. e4 d5 2. exd5 Qxd5 3. Nc3 Qa5 4. Bc4 Nf6 5. d3 Bg4 6. Ne2 Nc6 7. h3 Bh5 8. g4 Bg6 9. Nf4 e6 10. Bd2 Qe5+ 11. Qe2 Bd6 12. Nxg6 hxg6 13. O-O-O O-O-O 14. Qf3 a6 15. Kb1 Nd4 16. Qg2 Qc5 17. Rhe1 Qc6 18. Qxc6 Nxc6 19. Rh1 Na5 20. Bb3 Nxb3 21. axb3 Rh7 22. Bg5 Rdh8 23. Bxf6 gxf6 24. Ne4 Be7 25. f3 Rxh3 26. Nf2 Rxh1 27. Rxh1 Rxh1+ 28. Nxh1 f5 29. gxf5 exf5 30. Kc1 Bh4 31. Kd2 Kd7 32. f4 Ke6 33. Ke3 f6 34. Kf3 g5 35. Ng3 Bxg3 36. Kxg3 Kd5 37. c3 a5 38. Kf3 b5 39. Kg3 c5 40. Kf3 a4 41. bxa4 bxa4 42. Ke3 Kc6 43. Kf3 Kb5 44. Ke3 Kb6 45. Kf3 Kc6 46. Kg3 Kd5 47. Kf3 g4+ 48. Ke3 Ke6 49. Kf2 Kd6 50. Ke2 Kc6 51. Kf2 Kb5 52. Ke3 Kc6 53. Ke2 Kd6 54. Kf2 Ke6 55. Ke2 Kf7 56. Kf2 Kg6 57. Kg2 Kh5 58. Kg3 Kh6 59. Kh2 Kg6 60. Kg2 Kf7 61. Kg3 Ke6 62. Kf2 Kd5 63. Ke3 c4 64. d4 Kd6 65. Ke2 Kc6 66. Kf2 Kb5 67. Ke2 Ka5 68. Kf2 Kb6 69. Ke2 Kc7 70. Kf2 Kd6 71. Ke2 Kd5 72. Ke3 Kc6 73. Ke2 Kb6 74. Kf2 Ka5 75. Ke2 a3 76. bxa3 Ka4 77. Kf2 Ka5 78. Ke2 Kb5 79. Ke3 Ka4 80. d5 Kb5 81. Kd4 g3 82. Ke3 Kc5 83. Kf3 Kxd5 84. Kxg3 Ke4 85. a4 Kd3 86. a5 Kxc3 87. a6 Kd2 88. a7 c3 89. a8=Q c2 90. Qd5+ Ke1 91. Qc4 Kd1 92. Qd3+ Kc1 93. Qxf5 Kb2 94. Qxf6+ Kb1 95. Qf5 1-0


[Site "https://www.chess.com"]

[Event "Titled Tuesday Blitz July 13 2021"]
[White "Markidis, Konstantinos"]
[Black "Krivonosov, Oleg"]
[WhiteFideId "4203500"]
[BlackFideId "11600349"]
[WhiteElo "2304"]
[BlackElo "2469"]
[Result "0-1"]
[Round "07"]
[TimeControl "180+1"]
[Date "2021.07.13"]
[WhiteClock "0:00:01"]
[BlackClock "0:00:30"]

1. e4 e5 2. Nf3 Nc6 3. Bb5 Nf6 4. d3 Bc5 5. c3 d5 6. Nbd2 O-O 7. O-O dxe4 8. dxe4 a5 9. Qe2 Qe7 10. a4 Nh5 11. Nb3 Bb6 12. Bc4 Qf6 13. h3 Ng3 14. Qc2 Nxf1 15. Bg5 Qg6 16. Kxf1 Be6 17. Nbd2 h6 18. Bh4 Bxc4+ 19. Nxc4 Qe6 20. Nxb6 cxb6 21. Rd1 g5 22. Bg3 Rad8 23. Kg1 Rxd1+ 24. Qxd1 Rd8 25. Qc1 f6 26. h4 g4 27. Nd2 Kh7 28. Nf1 Qc4 29. f3 gxf3 30. gxf3 Qe2 31. Qe3 Qxe3+ 32. Nxe3 Rd3 33. Nc4 Rxf3 34. Kg2 Rd3 35. Bf2 Nd8 36. Bxb6 Ne6 37. Bxa5 Nf4+ 38. Kf2 Rh3 39. Bd8 Kg6 40. a5 Nd3+ 41. Ke2 Nxb2 42. Nd6 Na4 0-1


[Site "https://www.chess.com"]

[Event "Titled Tuesday Blitz July 13 2021"]
[White "Martinez Alcantara, Jose Eduardo"]
[Black "Zhigalko, Sergei"]
[WhiteFideId "3805662"]
[BlackFideId "13502956"]
[WhiteElo "2690"]
[BlackElo "2662"]
[Result "1/2-1/2"]
[Round "07"]
[TimeControl "180+1"]
[Date "2021.07.13"]
[WhiteClock "0:00:48"]
[BlackClock "0:00:35"]

1. c4 e5 2. g3 Nf6 3. Bg2 c6 4. d4 exd4 5. Qxd4 Na6 6. Nf3 Bc5 7. Qe5+ Be7 8. O-O O-O 9. Rd1 Re8 10. Nc3 Nc5 11. Qd4 d6 12. b3 a5 13. Bb2 h6 14. h3 Bf5 15. Qf4 Bc2 16. Re1 Qb6 17. Nd4 Bh7 18. Ba3 Bf8 19. Rad1 a4 20. b4 Nce4 21. Nxe4 Nxe4 22. b5 Nc3 23. Rd2 Ne4 24. Rdd1 Nc3 25. Rd2 Ne4 26. Rdd1 1/2-1/2


[Site "https://www.chess.com"]

[Event "Titled Tuesday Blitz July 13 2021"]
[White "Mezentsev, Ivan"]
[Black "Moon_stone123"]
[WhiteFideId "13706195"]
[WhiteElo "2295"]
[BlackElo "2417"]
[Result "1/2-1/2"]
[Round "07"]
[TimeControl "180+1"]
[Date "2021.07.13"]
[WhiteClock "0:00:14"]
[BlackClock "0:00:09"]

1. d4 d5 2. Nf3 Nf6 3. Bf4 g6 4. e3 Bg7 5. Be2 O-O 6. h3 c5 7. c3 Nc6 8. O-O Nd7 9. Bb5 Re8 10. Nbd2 e5 11. dxe5 Ndxe5 12. Nxe5 Bxe5 13. Bxc6 bxc6 14. Nb3 Bxf4 15. exf4 Qb6 16. Re1 Bd7 17. Qd2 a5 18. Nc1 Rxe1+ 19. Qxe1 Qxb2 20. Nd3 Qb6 21. Rb1 Qa7 22. Qe7 Re8 23. Qxc5 Qxc5 24. Nxc5 Bf5 25. Rb2 Re1+ 26. Kh2 Rc1 27. Na4 Bd3 28. Rb8+ Kg7 29. Rb7 Bb5 30. Nc5 Rxc3 31. Ne6+ Kf6 32. Ng5 Kg7 33. Ne6+ Kf6 34. Ng5 Kg7 35. Nxf7 d4 36. Ne5+ Kg8 37. Ng4 d3 38. Rd7 c5 39. Nf6+ Kf8 40. Nxh7+ Ke8 41. Nf6+ Kf8 42. Nh7+ Ke8 43. Nf6+ Kf8 44. Nh7+ 1/2-1/2


[Site "https://www.chess.com"]

[Event "Titled Tuesday Blitz July 13 2021"]
[White "Michailov, Matias"]
[Black "Altman, Joshua"]
[WhiteFideId "3001571"]
[BlackFideId "426210"]
[WhiteElo "2231"]
[BlackElo "1945"]
[Result "0-1"]
[Round "07"]
[TimeControl "180+1"]
[Date "2021.07.13"]
[WhiteClock "0:00:07"]
[BlackClock "0:00:20"]

1. d4 e6 2. c4 Nf6 3. Nf3 b6 4. g3 Bb7 5. Bg2 Bb4+ 6. Bd2 Bxd2+ 7. Qxd2 O-O 8. Nc3 Ne4 9. Nxe4 Bxe4 10. O-O d6 11. Qf4 Bb7 12. e4 Nd7 13. Rad1 Qe7 14. Rfe1 Rad8 15. b4 Rfe8 16. a3 e5 17. Qc1 c5 18. d5 cxb4 19. axb4 Rc8 20. Re3 b5 21. Rc3 bxc4 22. Rxc4 Nb6 23. Rxc8 Rxc8 24. Qa3 Qc7 25. Nd2 Qc2 26. Bf3 a6 27. Qb3 g6 28. Be2 Rc3 29. Qxc2 Rxc2 30. Kf1 Rb2 31. Ke1 Rxb4 32. Ra1 Na4 33. Nc4 Nc3 34. Nxd6 Nxe4 35. Nxb7 Rxb7 36. Rc1 Rd7 37. Bc4 Nf6 38. Rd1 Rd6 39. Ke2 Kf8 40. h3 Kg7 41. Ke3 Nd7 42. Rb1 Nb6 43. Ba2 Nxd5+ 44. Bxd5 Rxd5 45. Rb7 Ra5 46. Ra7 Ra1 47. Ke2 a5 48. Kf3 a4 49. Kg2 a3 0-1


[Site "https://www.chess.com"]

[Event "Titled Tuesday Blitz July 13 2021"]
[White "Mortazavi, Ali"]
[Black "Mikaelyan, Arman"]
[WhiteFideId "401323"]
[BlackFideId "13304852"]
[WhiteElo "2339"]
[BlackElo "2461"]
[Result "0-1"]
[Round "07"]
[TimeControl "180+1"]
[Date "2021.07.13"]
[WhiteClock "0:00:01"]
[BlackClock "0:00:06"]

1. Nf3 g6 2. e4 c5 3. d3 Bg7 4. g3 Nc6 5. Bg2 e6 6. O-O Nge7 7. Re1 O-O 8. c3 d5 9. e5 b5 10. Bf4 b4 11. c4 Bb7 12. Nbd2 Nf5 13. cxd5 exd5 14. Rc1 Qb6 15. Nb3 c4 16. dxc4 dxc4 17. Rxc4 Rac8 18. e6 fxe6 19. Rxe6 Rfd8 20. Qc2 Qb5 21. Rc5 Qd3 22. Re8+ Bf8 23. Qxd3 Rxd3 24. Rxc8 Bxc8 25. Rxc6 Bb7 26. Rc1 Bxf3 27. Bxf3 Rxf3 28. Rc7 Bd6 29. Bxd6 Nxd6 30. Rxa7 Ne4 31. Ra4 Nxf2 32. Rxb4 Nd3 33. Rb8+ Kg7 34. Nd4 Rf6 35. b4 Ra6 36. b5 Rxa2 37. b6 Rb2 38. b7 Kh6 39. Ne6 Ne5 40. Rc8 Nf3+ 41. Kf1 Nxh2+ 42. Ke1 Nf3+ 43. Kd1 Rxb7 44. Rc3 Ne5 45. Nf4 Kg5 46. Rc5 Kf5 47. Nd3 Re7 48. g4+ Ke4 49. Nf2+ Kf3 0-1


[Site "https://www.chess.com"]

[Event "Titled Tuesday Blitz July 13 2021"]
[White "Musovic, Armin"]
[Black "Samsonkin, Artiom"]
[WhiteFideId "939935"]
[BlackFideId "13503111"]
[WhiteElo "2250"]
[BlackElo "2513"]
[Result "0-1"]
[Round "07"]
[TimeControl "180+1"]
[Date "2021.07.13"]
[WhiteClock "0:00:02"]
[BlackClock "0:00:11"]

1. a3 a6 2. Nc3 g6 3. e4 Bg7 4. Bc4 b5 5. Ba2 Bb7 6. d3 e6 7. Nge2 c5 8. O-O d6 9. f4 Ne7 10. f5 exf5 11. exf5 Nxf5 12. Rxf5 gxf5 13. Ng3 Bd4+ 14. Kh1 Qf6 15. Nd5 Bxd5 16. Bxd5 Ra7 17. Qh5 Qg6 18. Qf3 Nd7 19. Bf4 O-O 20. c3 Be5 21. Rf1 Nf6 22. Bxe5 Nxd5 23. Qxd5 dxe5 24. Nxf5 Qe6 25. Qxc5 Rd7 26. Rf3 Rfd8 27. Qf2 Kh8 28. Qg3 Qg6 29. Qh3 Rxd3 30. Rxd3 Re8 31. Nh4 Qe4 32. Qe3 Qxh4 33. Rd2 Qf6 34. Rf2 Qg6 35. h3 Qb1+ 36. Kh2 Qg6 37. Rf3 f6 38. Rg3 Qf5 39. c4 Qf4 40. Qxf4 exf4 41. Rf3 Re4 42. cxb5 axb5 43. Rb3 Re2 44. Rxb5 f3 45. Kh1 Rxg2 46. Rf5 Rxb2 47. Rxf3 Ra2 48. Kg1 Kg7 49. Kf1 Kg6 50. Kg1 f5 51. h4 Kf6 52. Kf1 Ke5 53. Rd3 f4 54. Rb3 Ke4 55. Rb4+ Kf3 56. Rb3+ Kg4 57. h5 f3 58. h6 Kg3 59. Rb1 Rh2 60. Ke1 Rh1+ 61. Kd2 0-1


[Site "https://www.chess.com"]

[Event "Titled Tuesday Blitz July 13 2021"]
[White "Nabaty, Tamir"]
[Black "Nakamura, Hikaru"]
[WhiteFideId "2809052"]
[BlackFideId "2016192"]
[WhiteElo "2627"]
[BlackElo "2900"]
[Result "0-1"]
[Round "07"]
[TimeControl "180+1"]
[Date "2021.07.13"]
[WhiteClock "0:00:03"]
[BlackClock "0:00:18"]

1. e4 c5 2. Nf3 e6 3. d4 cxd4 4. Nxd4 a6 5. c4 Qc7 6. Nc3 Nf6 7. Be2 Nc6 8. O-O Nxd4 9. Qxd4 Bc5 10. Qd3 d6 11. Be3 e5 12. Rad1 Be6 13. Bxc5 dxc5 14. Qd6 Qxd6 15. Rxd6 Ke7 16. Rfd1 Rhc8 17. g3 Rd8 18. Rxd8 Rxd8 19. Rxd8 Kxd8 20. f4 g6 21. Kf2 Nd7 22. Ke3 f6 23. h4 Ke7 24. b3 Nb8 25. Bd3 Nc6 26. f5 Bg8 27. g4 Nd4 28. Bb1 Bf7 29. Bd3 h6 30. fxg6 Bxg6 31. Nd5+ Ke6 32. Nc7+ Ke7 33. Nd5+ Kf7 34. Kf2 Kg7 35. Ne3 Be8 36. Nd5 Bc6 37. Ne3 Bd7 38. Kg3 Kf7 39. Nd5 Be6 40. Ne3 Ke7 41. Nf1 Kd6 42. Ne3 Kc6 43. Kf2 b5 44. Nf5 Bxf5 45. exf5 b4 46. Ke3 Kd6 47. Kd2 a5 48. Be4 Ke7 49. Kc1 Ne2+ 50. Kd2 Nc3 51. Bc2 Nxa2 52. Kd3 Nc3 53. Kd2 Kd7 54. Ke3 Kd6 55. Kf3 Kc7 56. Ke3 Kd8 57. Kf3 Ke8 58. Ke3 Ke7 59. Kf3 Kd6 60. Ke3 e4 61. Bxe4 a4 62. bxa4 Nxa4 63. Bc2 Nb6 64. Bb3 Ke5 65. Ba2 Nc8 66. Bb3 Nd6 67. Kf3 Kd4 68. Kf4 Ne4 69. Bc2 Nd2 70. g5 hxg5+ 71. hxg5 fxg5+ 72. Kxg5 Nxc4 73. f6 Nd6 74. Kg6 c4 75. Kg7 Ne8+ 76. Kf7 Nxf6 77. Kxf6 b3 0-1


[Site "https://www.chess.com"]

[Event "Titled Tuesday Blitz July 13 2021"]
[White "Nguyen Hong Nhung"]
[Black "Gusarov, Grigory"]
[WhiteFideId "12412201"]
[BlackFideId "24102172"]
[WhiteElo "1661"]
[BlackElo "2269"]
[Result "0-1"]
[Round "07"]
[TimeControl "180+1"]
[Date "2021.07.13"]
[WhiteClock "0:00:33"]
[BlackClock "0:00:54"]

1. e4 c6 2. d4 d5 3. f3 e6 4. Nc3 Bb4 5. Bf4 Ne7 6. Qd3 Ng6 7. Bg3 Qa5 8. Ne2 b6 9. h4 Ba6 10. Qe3 Bxe2 11. Bxe2 h5 12. exd5 cxd5 13. O-O Bxc3 14. bxc3 Nd7 15. c4 dxc4 16. Bxc4 O-O 17. Rfe1 Nf6 18. Bb3 Rad8 19. c4 Ne7 20. Be5 Nf5 21. Qg5 Nh7 22. Qf4 f6 23. Bc7 Rxd4 24. Qh2 Rxh4 25. Rxe6 Qc5+ 26. Kh1 Qxc7 27. Qxh4 Nxh4 28. c5 Kh8 29. cxb6 axb6 30. Rae1 Ng5 31. Re7 Qg3 32. R1e2 Ngxf3 33. gxf3 Nxf3 34. Bd5 Qg1# 0-1


[Site "https://www.chess.com"]

[Event "Titled Tuesday Blitz July 13 2021"]
[White "Novikov, Evgenij"]
[Black "Pacheco Lugo, Alejandro Jose"]
[WhiteFideId "4125380"]
[BlackFideId "3903745"]
[WhiteElo "2242"]
[BlackElo "2125"]
[Result "1-0"]
[Round "07"]
[TimeControl "180+1"]
[Date "2021.07.13"]
[WhiteClock "0:01:28"]
[BlackClock "0:02:08"]

1. e4 c5 2. Nf3 d6 3. d4 cxd4 4. Nxd4 Nf6 5. Nc3 a6 6. Bg5 Nbd7 7. f4 Qc7 8. Qf3 h6 9. Bh4 g5 10. fxg5 hxg5 11. Bxg5 Qc5 12. Nf5 e6 13. Be3 Qb4 14. O-O-O exf5 15. Qxf5 Rh5 16. Qf3 Ne5 17. Qxf6 Be7 18. Qxe7+ 1-0


[Site "https://www.chess.com"]

[Event "Titled Tuesday Blitz July 13 2021"]
[White "Ogloblin, Nikolay"]
[Black "Baskin, Robert"]
[WhiteFideId "4139658"]
[BlackFideId "24662402"]
[WhiteElo "2244"]
[BlackElo "2462"]
[Result "0-1"]
[Round "07"]
[TimeControl "180+1"]
[Date "2021.07.13"]
[WhiteClock "0:00:38"]
[BlackClock "0:01:09"]

1. d4 f5 2. g3 Nf6 3. Bg2 e6 4. Nf3 Be7 5. O-O O-O 6. c4 d6 7. b3 Qe8 8. Bb2 a5 9. Nc3 Ne4 10. e3 Nc6 11. Nd2 Nxc3 12. Bxc3 e5 13. d5 Nb8 14. f4 Bf6 15. Re1 Nd7 16. Qc2 Nc5 17. Bf1 Bd7 18. a3 Qh5 19. Be2 Qh6 20. Nf3 Rae8 21. Bf1 b6 22. b4 axb4 23. axb4 Ne4 24. Bb2 g5 25. fxe5 dxe5 26. c5 bxc5 27. bxc5 g4 28. Nd2 Ng5 29. c6 Bc8 30. Bg2 e4 31. Bxf6 Rxf6 32. Ra8 Nf3+ 33. Bxf3 exf3 34. Nc4 f4 35. gxf4 Rxf4 36. d6 f2+ 37. Kf1 Qh3+ 38. Ke2 fxe1=Q+ 39. Kxe1 Qf1+ 40. Kd2 Rf2+ 41. Kc3 Rxc2+ 42. Kxc2 Qxc4+ 43. Kd2 0-1


[Site "https://www.chess.com"]

[Event "Titled Tuesday Blitz July 13 2021"]
[White "Onyshchuk, Volodymyr"]
[Black "Matinian, Nikita"]
[WhiteFideId "14114038"]
[BlackFideId "24129100"]
[WhiteElo "2603"]
[BlackElo "2410"]
[Result "0-1"]
[Round "07"]
[TimeControl "180+1"]
[Date "2021.07.13"]
[WhiteClock "0:00:08"]
[BlackClock "0:00:39"]

1. Nf3 Nf6 2. g3 g6 3. Bg2 Bg7 4. O-O O-O 5. d3 d6 6. c4 e5 7. Nc3 Nc6 8. Rb1 a5 9. a3 Bf5 10. b4 axb4 11. axb4 Qd7 12. b5 Nd8 13. e4 Bh3 14. Qb3 Bxg2 15. Kxg2 Ne6 16. Be3 Ng4 17. Nd5 Kh8 18. Ra1 Rxa1 19. Rxa1 f5 20. Ra7 f4 21. Bc1 fxg3 22. fxg3 Rxf3 23. Ra8+ Rf8 24. Rxf8+ Bxf8 25. h3 Nh6 26. Qa4 Qc8 27. Qa7 Ng8 28. Be3 Ne7 29. b6 c6 30. Nb4 Nc5 31. Qa1 Kg8 32. g4 Ne6 33. Kf3 g5 34. Ke2 Ng6 35. Nc2 Ngf4+ 36. Kd2 Nxh3 37. Qh1 Nhf4 38. Qa1 Be7 39. Bf2 Bd8 40. Qa7 Nc5 41. Bxc5 dxc5 42. Ne3 Qd7 43. Qa3 Bxb6 44. Nf5 Bd8 45. Kc2 b5 46. Qc3 bxc4 47. Qxc4+ Qe6 48. Qxc5 Qa2+ 49. Kc3 Ba5+ 0-1


[Site "https://www.chess.com"]

[Event "Titled Tuesday Blitz July 13 2021"]
[White "Ozates, Tuna"]
[Black "Nguyen, Quoc Hy"]
[WhiteFideId "6354521"]
[BlackFideId "12410853"]
[WhiteElo "1872"]
[BlackElo "1975"]
[Result "0-1"]
[Round "07"]
[TimeControl "180+1"]
[Date "2021.07.13"]
[WhiteClock "0:00:08"]
[BlackClock "0:00:08"]

1. e4 c5 2. Nf3 g6 3. d4 cxd4 4. Nxd4 Bg7 5. c4 Nc6 6. Be3 Nf6 7. Nc3 O-O 8. Be2 d6 9. O-O Bd7 10. Qd2 Rc8 11. Rad1 a6 12. h3 Re8 13. f4 e5 14. Nxc6 Bxc6 15. fxe5 Rxe5 16. Bd4 Nxe4 17. Qf4 Rf5 18. Qe3 Nxc3 19. Qxc3 Qg5 20. g4 Rxf1+ 21. Bxf1 Bxd4+ 22. Qxd4 h5 23. Re1 Bf3 24. Qe3 Qxe3+ 25. Rxe3 hxg4 26. hxg4 Bxg4 27. Re7 Be6 28. b3 b5 29. cxb5 axb5 30. Rb7 Rc1 31. Kf2 Rc2+ 32. Ke3 Rxa2 33. Rxb5 Ra3 34. Rb8+ Kg7 35. Rd8 Rxb3+ 36. Kd4 Rb4+ 37. Kc3 Rb6 38. Bg2 d5 39. Kd4 Rb4+ 40. Ke5 Rb2 41. Bh1 Re2+ 42. Kd6 Re1 43. Bg2 d4 44. Kc5 Rc1+ 45. Kb4 Rd1 46. Be4 Rd2 47. Kc5 f5 48. Bc6 Kf6 49. Kd6 Bf7 50. Rf8 Kg7 51. Ra8 d3 52. Ra7 Kf6 53. Ra6 Rf2 54. Ba4 d2 55. Kc5+ Ke5 56. Rd6 f4 57. Rd7 Be6 58. Rd8 g5 59. Bd1 g4 60. Re8 g3 61. Bg4 f3 62. Rxe6+ Kf4 63. Bxf3 Kxf3 64. Rf6+ Ke2 65. Rd6 d1=Q 66. Rxd1 Kxd1 0-1


[Site "https://www.chess.com"]

[Event "Titled Tuesday Blitz July 13 2021"]
[White "Pajeken, Jakob Leon"]
[Black "Djordjevic, Vuk"]
[WhiteFideId "12942839"]
[BlackFideId "902098"]
[WhiteElo "2231"]
[BlackElo "2463"]
[Result "1/2-1/2"]
[Round "07"]
[TimeControl "180+1"]
[Date "2021.07.13"]
[WhiteClock "0:00:10"]
[BlackClock "0:00:04"]

1. d4 Nf6 2. Nf3 e6 3. g3 d5 4. c4 Be7 5. Bg2 O-O 6. Qb3 c5 7. cxd5 Nxd5 8. dxc5 Bxc5 9. O-O Nc6 10. e4 Nf6 11. e5 Ng4 12. Qc4 Bxf2+ 13. Rxf2 Nxf2 14. Kxf2 Bd7 15. Be3 Rc8 16. Qa4 Nxe5 17. Qb3 Ng4+ 18. Kg1 Ba4 19. Qxa4 Nxe3 20. Nc3 Qd3 21. Bf1 Qf5 22. Nd4 Qc5 23. Nb3 Qe5 24. Qd4 Qxd4 25. Nxd4 Rfd8 26. Nf3 Nd5 27. Nxd5 Rxd5 28. Ne1 Rd2 29. b3 a5 30. a4 Rc3 31. Bc4 Kf8 32. Ng2 e5 33. Re1 f6 34. Ne3 g6 35. Nf1 Rd4 36. Kf2 Rc2+ 37. Re2 Rxe2+ 38. Kxe2 Ke7 39. Nd2 b6 40. Nf3 Rd6 41. g4 e4 42. Nh4 f5 43. gxf5 g5 44. Ng2 Kf6 45. Ne3 Ke5 46. Be6 Rd3 47. Ng4+ Kd6 48. Nf2 Rd4 49. Ke3 Rb4 50. Nxe4+ Ke5 51. Bc4 Kxf5 52. Nd6+ Kg4 53. Kf2 Kh3 54. Kg1 g4 55. Kh1 g3 56. hxg3 Kxg3 57. Kg1 Kf4 58. Nc8 Ke5 59. Na7 Kd6 60. Kf2 Rxc4 61. bxc4 Kc5 62. Nc8 Kxc4 63. Nxb6+ Kc5 64. Nd7+ Kb4 65. Nb6 Kc5 66. Nc8 Kb4 67. Nb6 Kc5 1/2-1/2


[Site "https://www.chess.com"]

[Event "Titled Tuesday Blitz July 13 2021"]
[White "Papasimakopoulos, Alexandros"]
[Black "Timofeev, Artyom"]
[WhiteFideId "4244125"]
[BlackFideId "4140419"]
[WhiteElo "2352"]
[BlackElo "2582"]
[Result "0-1"]
[Round "07"]
[TimeControl "180+1"]
[Date "2021.07.13"]
[WhiteClock "0:01:05"]
[BlackClock "0:00:52"]

1. d4 Nf6 2. c4 b6 3. f3 d5 4. cxd5 Nxd5 5. e4 Nf6 6. Nc3 e6 7. Bb5+ c6 8. Ba4 Be7 9. Nge2 O-O 10. O-O Ba6 11. Be3 b5 12. Bb3 Nbd7 13. Qd2 b4 14. Na4 Bb5 15. Rfd1 Qa5 16. Nc5 Nxc5 17. dxc5 Rfd8 18. Qc2 Bxe2 19. Qxe2 Bxc5 20. Bxc5 Qxc5+ 21. Qf2 Qe5 22. Rac1 Rxd1+ 23. Bxd1 Rd8 24. Ba4 Nh5 25. g3 Qg5 26. Rc5 e5 27. f4 Qg4 28. Rxe5 Nf6 29. Bc2 Qd7 30. Rc5 Ng4 31. Rd5 cxd5 32. Qd4 dxe4 33. Qxe4 Nf6 0-1


[Site "https://www.chess.com"]

[Event "Titled Tuesday Blitz July 13 2021"]
[White "Peralta, Eduardo"]
[Black "Bortnyk, Olexandr"]
[WhiteFideId "3700062"]
[BlackFideId "14120828"]
[WhiteElo "2205"]
[BlackElo "2723"]
[Result "0-1"]
[Round "07"]
[TimeControl "180+1"]
[Date "2021.07.13"]
[WhiteClock "0:00:03"]
[BlackClock "0:00:07"]

1. d4 Nf6 2. c4 d6 3. Nc3 Bf5 4. e4 Bxe4 5. Nxe4 Nxe4 6. Qb3 Qc8 7. Bd3 Nf6 8. Bg5 Nbd7 9. Nf3 e6 10. O-O Be7 11. Bc2 O-O 12. Rfe1 a5 13. Rad1 a4 14. Qd3 c6 15. Bb1 Re8 16. Re2 d5 17. cxd5 cxd5 18. Ne5 Ne4 19. Bxe7 Rxe7 20. f3 Nef6 21. Rc2 Qd8 22. Rdc1 g6 23. Qb5 Nxe5 24. dxe5 Nd7 25. Qxb7 Nxe5 26. Qb5 Nc4 27. Rf2 Rc7 28. Re1 Qb8 29. Qxb8+ Rxb8 30. Rc1 Rcb7 31. b3 axb3 32. axb3 Rxb3 33. Ba2 R3b4 34. Bxc4 Rxc4 35. Rxc4 dxc4 36. Rc2 Rc8 37. Kf1 c3 38. Ke2 Kg7 39. Kd3 Kf6 40. g3 h5 41. Kd4 Kf5 42. Ke3 g5 43. Kd3 f6 44. Ke3 e5 45. h3 g4 46. fxg4+ hxg4 47. h4 Ke6 48. Kd3 f5 49. Ke3 Kf6 50. Kd3 Ke6 51. Ke3 Kd5 52. Kd3 f4 53. Rc1 c2 54. h5 fxg3 55. Ke2 Ke4 56. h6 Kf4 57. h7 Rh8 58. Rxc2 Rxh7 59. Rc8 Rh1 60. Rf8+ Ke4 61. Rg8 Kf5 62. Rf8+ Ke6 63. Rg8 g2 64. Rg6+ Kd5 65. Rd6+ Kxd6 66. Kd3 g1=Q 67. Ke4 Qb1+ 68. Ke3 Rh3+ 69. Ke2 Qb2+ 70. Kf1 Rh1# 0-1


[Site "https://www.chess.com"]

[Event "Titled Tuesday Blitz July 13 2021"]
[White "Pert, Richard G"]
[Black "Rozhkov, Viacheslav"]
[WhiteFideId "404748"]
[BlackFideId "4181484"]
[WhiteElo "2441"]
[BlackElo "2324"]
[Result "0-1"]
[Round "07"]
[TimeControl "180+1"]
[Date "2021.07.13"]
[WhiteClock "0:00:01"]
[BlackClock "0:00:04"]

1. d4 d5 2. c4 dxc4 3. Nf3 Nf6 4. Nc3 a6 5. e4 b5 6. e5 Nd5 7. a4 Nxc3 8. bxc3 Qd5 9. Be2 Bb7 10. O-O c5 11. Nh4 cxd4 12. Bf3 Qd7 13. e6 fxe6 14. axb5 g6 15. Bxb7 Qxb7 16. Qxd4 Rg8 17. Rd1 Bg7 18. Qxc4 Kf7 19. Nf3 Bf6 20. Qf4 Qxb5 21. Be3 Nc6 22. Rab1 Qf5 23. Qh6 Qh5 24. Qf4 Rgd8 25. Rxd8 Rxd8 26. g4 Qd5 27. g5 e5 28. Qg4 Bg7 29. Nd2 Kg8 30. Rb6 Rf8 31. Ne4 Nd8 32. Rb8 Nf7 33. Rxf8+ Bxf8 34. h4 Qd3 35. h5 Nd6 36. hxg6 hxg6 37. Qe6+ Kh7 0-1


[Site "https://www.chess.com"]

[Event "Titled Tuesday Blitz July 13 2021"]
[White "Piesik, Piotr"]
[Black "Hoffmann, Asa"]
[WhiteFideId "1136194"]
[BlackFideId "2001470"]
[WhiteElo "2354"]
[BlackElo "2117"]
[Result "1/2-1/2"]
[Round "07"]
[TimeControl "180+1"]
[Date "2021.07.13"]
[WhiteClock "0:00:17"]
[BlackClock "0:00:21"]

1. Nf3 d6 2. d4 Bg4 3. e4 Nf6 4. Nbd2 c6 5. Bd3 Nbd7 6. h3 Bh5 7. c3 e5 8. Qb3 Qb6 9. O-O Be7 10. Qc2 O-O 11. Nc4 Qc7 12. Nh4 Rfe8 13. dxe5 dxe5 14. Nf5 Bf8 15. f3 Nc5 16. Bg5 Nfd7 17. Rfd1 Nxd3 18. Rxd3 Nc5 19. Rd2 Ne6 20. Be3 Bg6 21. Bf2 Bxf5 22. exf5 Nf4 23. Re1 f6 24. Red1 Rad8 25. Be3 Nd5 26. Bf2 b5 27. Ne3 Nf4 28. Qe4 Bc5 29. Kh2 Rxd2 30. Rxd2 h5 31. g3 Bxe3 32. Bxe3 Nd5 33. Bc5 Rd8 34. Kg2 Nb6 35. Rxd8+ Qxd8 36. Qxc6 Qd2+ 37. Bf2 Nc4 38. Qe4 Qxb2 39. g4 Qxc3 40. Qd5+ Kh7 41. Qxb5 Ne3+ 42. Bxe3 Qxe3 43. Qe8 Qd2+ 1/2-1/2


[Site "https://www.chess.com"]

[Event "Titled Tuesday Blitz July 13 2021"]
[White "Plotnikov, Pavel"]
[Black "Ambartsumova, Karina"]
[WhiteFideId "4170342"]
[BlackFideId "4166299"]
[WhiteElo "2298"]
[BlackElo "2262"]
[Result "1-0"]
[Round "07"]
[TimeControl "180+1"]
[Date "2021.07.13"]
[WhiteClock "0:00:08"]
[BlackClock "0:00:08"]

1. e4 c5 2. Nf3 e6 3. d3 Nc6 4. g3 g6 5. Bg2 Bg7 6. O-O Nge7 7. Re1 d6 8. c3 e5 9. a3 O-O 10. b4 h6 11. Be3 b6 12. b5 Na5 13. Nfd2 Be6 14. c4 Rc8 15. Nc3 f5 16. exf5 gxf5 17. Rc1 Qd7 18. f4 d5 19. cxd5 Nxd5 20. Nxd5 Bxd5 21. Nc4 Bxg2 22. Kxg2 Qd5+ 23. Kg1 exf4 24. Bxf4 Rfd8 25. Ne5 Nb3 26. Rc4 Nd4 27. Kf2 Re8 28. Nf3 Rxe1 29. Nxe1 Re8 30. Be3 f4 31. gxf4 Nf5 32. Re4 Rxe4 33. dxe4 Qxd1 34. exf5 Qc2+ 35. Nxc2 Bb2 36. a4 Kf7 37. Ke2 Kf6 38. Kd3 Kxf5 39. Kc4 Ke4 40. Bd2 Bf6 41. Ne3 Bd8 42. Nd5 h5 43. Bc1 h4 44. h3 Kf5 45. Bd2 Ke4 46. Be1 Kf5 47. Kd3 Ke6 48. Ke4 c4 49. f5+ Kd6 50. Bb4+ Kd7 51. Kd4 Ke8 52. Kxc4 Kf7 53. Kd3 Bg5 54. Ke4 Ke8 55. Bc3 Kf7 56. Be5 Ke8 57. f6 Kf7 58. Kf5 1-0


[Site "https://www.chess.com"]

[Event "Titled Tuesday Blitz July 13 2021"]
[White "Popilski, Gil"]
[Black "Skatchkov, Valery"]
[WhiteFideId "2809060"]
[BlackFideId "24195812"]
[WhiteElo "2537"]
[BlackElo "2199"]
[Result "0-1"]
[Round "07"]
[TimeControl "180+1"]
[Date "2021.07.13"]
[WhiteClock "0:01:13"]
[BlackClock "0:00:34"]

1. Nf3 Nf6 2. b3 c5 3. Bb2 Nc6 4. c4 g6 5. g4 Bg7 6. g5 Nh5 7. Bxg7 Nxg7 8. d4 cxd4 9. Nxd4 e5 10. Nb5 Qxg5 11. Nc7+ Kd8 12. Nxa8 b6 13. Nc3 Bb7 14. Nxb6 axb6 15. h4 Qe7 16. Nd5 Qc5 17. Rh3 Ne6 18. Qd2 Ncd4 19. Bg2 Bxd5 20. Bxd5 Nf4 21. Re3 f6 22. Bh1 Nf5 23. Rf3 Nxh4 24. Rxf4 exf4 25. Qxf4 Nf5 26. Qb8+ Qc8 27. Qxb6+ Ke7 28. O-O-O h5 29. e4 Nh6 30. Qe6+ Kxe6 0-1


[Site "https://www.chess.com"]

[Event "Titled Tuesday Blitz July 13 2021"]
[White "Pourkashiyan, Atousa"]
[Black "Dolzhykova, Kateryna"]
[WhiteFideId "12502014"]
[BlackFideId "14113414"]
[WhiteElo "2285"]
[BlackElo "2151"]
[Result "0-1"]
[Round "07"]
[TimeControl "180+1"]
[Date "2021.07.13"]
[WhiteClock "0:00:22"]
[BlackClock "0:00:12"]

1. e4 c6 2. d4 d5 3. Nd2 dxe4 4. Nxe4 Nf6 5. Nxf6+ exf6 6. c3 Bd6 7. Bd3 O-O 8. Ne2 Re8 9. O-O Nd7 10. Qc2 Nf8 11. Be3 Be6 12. Rfe1 Qc7 13. h3 Qd7 14. Nf4 Re7 15. Nxe6 fxe6 16. Bc4 Kh8 17. Rad1 Rae8 18. Rd2 Bb8 19. Bb3 Qc7 20. g3 Qc8 21. Kg2 e5 22. d5 cxd5 23. Bxd5 b6 24. Be4 Rd8 25. Red1 Rxd2 26. Rxd2 Rd7 27. Re2 Rd8 28. Kh2 g6 29. a4 Kg7 30. Qc1 f5 31. Bh6+ Kg8 32. Bc2 Ne6 33. Bb3 Kh8 34. Rd2 Nc5 35. Bc2 e4 36. Be3 Be5 37. Qd1 Rxd2 38. Qxd2 Qd7 39. Qxd7 Nxd7 40. Kg2 Kg7 41. f3 exf3+ 42. Kxf3 Kf6 43. b4 Bxc3 44. b5 Ne5+ 45. Ke2 Bb4 46. h4 Bd6 47. Bg5+ Ke6 48. Bb3+ Kd7 49. Bf4 Ng4 50. Bd2 Bxg3 51. h5 gxh5 52. Bg8 Nf6 53. Bf7 h4 54. Kf3 Be5 55. Bc4 h3 56. Bf1 h2 57. Kg2 Ne4 58. Be3 Ng3 59. Kxh2 Nxf1+ 60. Kg2 Nxe3+ 61. Kf3 Nd5 62. Ke2 Nc3+ 63. Kd3 Nxa4 64. Kc4 Kd6 65. Kb3 Nc5+ 66. Kb4 Kd5 67. Ka3 Kc4 68. Ka2 Kxb5 69. Kb1 h5 70. Kc2 h4 71. Kd2 h3 72. Ke2 h2 73. Kf3 h1=Q+ 74. Kf2 Qh2+ 0-1


[Site "https://www.chess.com"]